 Dungeon Crawl Stone Soup version 0.22.0-40-g68aacdc (webtiles) character file.

155367 Lew the Severer (level 17, -6/166 HPs)
             Began as a Minotaur Fighter on Sept 2, 2018.
             Was the Champion of Okawaru.
             Mangled by the 26-headed Lernaean hydra (10 damage)
             ... on level 4 of the Swamp.
             The game lasted 01:32:01 (23939 turns).

Lew the Severer (Minotaur Fighter)                 Turns: 23939, Time: 01:32:02

Health: -6/166     AC: 26    Str: 26    XL:     17   Next: 8%
Magic:  0/26       EV: 18    Int: 11    God:    Okawaru [******]
Gold:   936        SH: 22    Dex: 18    Spells: 16/16 levels left

rFire    . . .     SeeInvis +   U - +9 war axe (elec)
rCold    + + .     Gourm    .   T - +1 large shield {AC+3}
rNeg     . . .     Faith    .   g - +4 moon troll leather armour {Spirit, Regen++ MP+5}
rPois    +         Spirit   +   J - +2 hat {Int+3}
rElec    +         Reflect  .   r - +2 cloak of Pekhleol {-Cast Int+6}
rCorr    +         Harm     .   w - +2 pair of gloves {Dex+3}
MR       +++..     NoCast   +   Q - +2 pair of boots of the City {rElec rC++ Int-3 SInv}
Stlth    +.........             k - amulet of Gettothu {RegenMP MR++ Str+3}
HPRegen  1.17/turn              s - ring of resist corrosion
MPRegen  0.45/turn              z - ring of poison resistance

@: no status effects
A: retaliatory headbutt, horns 2
a: Heroism, Finesse, Renounce Religion


You were on level 4 of the Swamp.
You worshipped Okawaru.
Okawaru was exalted by your worship.
You were not hungry.

You visited 4 branches of the dungeon, and saw 27 of its levels.
You also visited: Bailey and Ice Cave.

You collected 3144 gold pieces.
You spent 2208 gold pieces at shops.

Inventory:

Hand Weapons
 t - a +3 antimagic executioner's axe
 I - the +8 broad axe "Innaux" {pain, +Fly rElec Str+3}
   (Okawaru gifted it to you on level 9 of the Dungeon)

   In the hands of one skilled in necromantic magic, it inflicts extra damage on
   living creatures.
   It affects your strength (+3).
   It insulates you from electricity.
   It lets you fly.
 U - a +9 war axe of electrocution (weapon)
Armour
 a - a scarf of cloud immunity
 c - a +3 plate armour of magic resistance
 g - the +4 moon troll leather armour (worn) {Spirit, Regen++ MP+5}
   (You bought it in a shop on level 15 of the Dungeon)

   It affects your magic capacity (+5).
   It increases your rate of regeneration.
 r - the +2 cloak of Pekhleol (worn) {-Cast Int+6}
   (You bought it in a shop on level 2 of the Orcish Mines)

   It affects your intelligence (+6).
   It prevents spellcasting.
 w - a +2 pair of gloves of dexterity (worn)
 F - a +2 large shield of fire resistance
 J - a +2 hat of intelligence (worn)
 Q - the +2 pair of boots of the City (worn) {rElec rC++ Int-3 SInv}
   (Okawaru gifted it to you on level 11 of the Dungeon)

   It affects your intelligence (-3).
   It greatly protects you from cold.
   It insulates you from electricity.
   It lets you see invisible.
 T - a +1 large shield of protection (worn)
Jewellery
 b - an uncursed ring of protection from fire
 k - the amulet of Gettothu (around neck) {RegenMP MR++ Str+3}
   (You found it on level 8 of the Dungeon)

   [amulet of magic regeneration]

   It increases your magic regeneration.
   It affects your strength (+3).
   It affects your resistance to hostile enchantments.
 p - an uncursed ring of positive energy
 s - a ring of resist corrosion (left hand)
 v - a +3 ring of dexterity
 y - a +3 amulet of reflection
 z - a ring of poison resistance (right hand)
 C - an uncursed amulet of regeneration
Wands
 i - a wand of acid (22)
 j - a wand of iceblast (23)
 A - a wand of enslavement (26)
 B - a wand of polymorph (38)
 K - a wand of clouds (3)
 N - a wand of disintegration (36)
 W - a wand of paralysis (12)
Scrolls
 e - 14 scrolls of teleportation
 o - 6 scrolls of fear
 q - 12 scrolls of remove curse
 u - 7 scrolls of fog
 M - 2 scrolls of identify
 O - 3 scrolls of holy word
 S - 4 scrolls of amnesia
 V - 2 scrolls of magic mapping
 Z - a scroll of silence
Potions
 d - 4 potions of might
 h - 3 potions of curing
 m - 5 potions of heal wounds
 n - 5 potions of flight
 D - a potion of experience {unknown}
 G - 2 potions of ambrosia
 H - 3 potions of berserk rage
 L - 2 potions of cancellation
 P - 4 potions of lignification
 R - 3 potions of haste
 X - a potion of agility
Miscellaneous
 l - a phial of floods
 x - a fan of gales
 E - a crystal ball of energy
Comestibles
 f - 41 rations


   Skills:
 * Level 18.3 Fighting
 * Level 18.3 Axes
 - Level 15.0 Armour
 - Level 10.0 Dodging
 - Level 15.0 Shields
 + Level 6.8 Invocations
 - Level 5.2 Evocations


You had 16 spell levels left.
You didn't know any spells.
Your spell library contained the following spells:

 Spells                   Type           Power        Failure   Level  Hunger
 Beastly Appendage        Tmut           #.....       80%         1    ##.....
 Corona                   Hex            #......      80%         1    ##.....
 Infusion                 Chrm           #...         80%         1    ##.....
 Blink                    Tloc           N/A          91%         2    ###....
 Ensorcelled Hibernation  Hex/Ice        #.....       91%         2    ###....
 Passwall                 Tmut/Erth      #.......     91%         2    ###....
 Shroud of Golubria       Chrm/Tloc      #.........   91%         2    ###....
 Sticks to Snakes         Tmut           #.......     91%         2    ###....
 Confuse                  Hex            #.......     99%         3    ####...
 Dazzling Spray           Conj/Hex       #.....       99%         3    ####...
 Gell's Gravitas          Tloc           #.........   99%         3    ####...
 Lesser Beckoning         Tloc           #.........   99%         3    ####...
 Mephitic Cloud           Conj/Pois/Air  #.......     99%         3    ####...
 Spider Form              Tmut/Pois      #.........   99%         3    ####...
 Teleport Other           Tloc           #.......     99%         3    ####...
 Tukima's Dance           Hex            #.......     99%         3    ####...
 Ice Form                 Ice/Tmut       #.......     100%        4    #####..
 Leda's Liquefaction      Hex/Erth       #.........   100%        4    #####..
 Passage of Golubria      Tloc           N/A          100%        4    #####..
 Blade Hands              Tmut           #.........   100%        5    ######.
 Metabolic Englaciation   Hex/Ice        #.........   100%        5    ######.
 Bolt of Cold             Conj/Ice       #.........   100%        6    #######
 Freezing Cloud           Conj/Ice/Air   #.........   100%        6    #######
 Ozocubu's Refrigeration  Ice            #.........   100%        6    #######
 Simulacrum               Ice/Necr       #.........   100%        6    #######
 Ring of Flames           Chrm/Fire      #.........   100%        7    #######
 Shatter                  Erth           #.........   100%        9    #######


Dungeon Overview and Level Annotations

Branches:
Dungeon (15/15)            Temple (0/1) D:5            Lair (6/6) D:8
  Swamp (4/4) Lair:2       Spider (0/4) Lair:4        Slime (0/5) Lair:6
    Orc (2/2) D:12            Elf (0/3) Orc:2        Vaults (0/5) D:13
 Depths (0/5) D:15

Altars:
Dithmenos
Elyvilon
Fedhas
Makhleb
Okawaru
Uskayaw
Yredelemnul
The Shining One
Beogh
Jiyva

Shops:
D:8 [   D:15 :*![*   Orc:2 [=*(

Annotations:
Swamp:4 Lernaean hydra


Innate Abilities, Weirdness & Mutations

You reflexively headbutt those who attack you in melee.
You have a pair of horns on your head.


Message History

The 26-headed Lernaean hydra bites you but does no damage.
The 26-headed Lernaean hydra bites you.
* * * LOW HITPOINT WARNING * * *
You block the 26-headed Lernaean hydra's attack. x2
The 26-headed Lernaean hydra bites you but does no damage.
The 26-headed Lernaean hydra bites you.
* * * LOW HITPOINT WARNING * * *
The 26-headed Lernaean hydra bites you!
* * * LOW HITPOINT WARNING * * *
The 26-headed Lernaean hydra bites you!
* * * LOW HITPOINT WARNING * * *
The 26-headed Lernaean hydra bites you.
* * * LOW HITPOINT WARNING * * *
The 26-headed Lernaean hydra bites you.
* * * LOW HITPOINT WARNING * * *
The 26-headed Lernaean hydra bites you!
* * * LOW HITPOINT WARNING * * *
The 26-headed Lernaean hydra bites you but does no damage. x2
The 26-headed Lernaean hydra bites you!
You die...

.≈≈≈♣ ##≈#...≈.... .≈♣♣♣ ♣♣♣♣
#≈≈≈≈≈.≈#≈≈≈ .♣♣ ♣♣≈.♣
#≈≈≈≈#≈≈≈D≈. ≈♣♣ ♣♣≈..♣ #≈≈.#≈≈≈#
≈≈♣♣♣♣≈.≈♣♣ #≈§.≈§# ≈≈..♣♣.≈≈♣
♣♣#≈#kD## ≈≈..≈..≈♣♣ ♣≈###Dk#
..≈.≈≈.♣♣♣♣ .###D#####
.≈≈.≈≈§♣♣≈♣ ♣≈#§@###≈♣♣♣♣ ♣♣#♣♣
≈≈≈.♣♣♣≈≈≈♣♣♣.#§§§#≈.♣♣≈♣ ♣§≈≈♣♣
≈≈≈.♣♣.≈≈..♣♣♣....#.♣§≈≈♣♣♣≈≈≈≈♣♣
♣♣...♣.≈#.♣♣≈♣≈≈...♣♣♣#≈†♣≈≈≈≈≈≈♣
♣≈.≈≈.♣...♣≈≈♣♣..♣♣♣♣...#≈≈≈#≈≈♣
♣§≈≈...........≈.♣♣♣≈≈♣.§≈.≈.≈.♣
..≈≈≈.....#.......≈≈≈♣≈≈.....≈≈♣♣
...≈≈≈♣....[.≈.≈..≈.≈.♣#§.....≈≈♣
≈≈≈.....≈..(≈♣♣♣♣♣♣♣≈..≈.......♣♣


You could see the 26-headed Lernaean hydra, 2 swamp dragons and 2 swamp drakes.

Vanquished Creatures
  Rupert (D:12)
  3 thorn hunters
  An orc warlord (Orc:1)
  Louise (Swamp:1)
  A caustic shrike zombie (D:15)
  A very ugly thing (Swamp:2)
  The ghost of Karim the Protected, a journeyman GnFi of Hepliaklqana (Lair:6)
  Snorg (Lair:3)
  16 hydras
  Josephine (D:14)
  2 ogre magi
  Fannar (Lair:3)
  A vault guard (D:13)
  Erolcha (D:13)
  2 centaur warriors (D:14)
  A death knight (D:14)
  A two-headed ogre (shapeshifter) (D:14)
  17 alligators
  5 death yaks (D:8)
  10 two-headed ogres
  4 orc high priests (Orc:2)
  The ghost of Americanboy the Eclecticist, a journeyman DEWz of Vehumet (Lair:2)
  Sonja (D:13)
  2 skeletal warriors (D:15)
  A spark wasp zombie (D:15)
  2 spriggan druids
  2 unseen horrors
  A shambling mangrove (Swamp:3)
  An unseen horror (shapeshifter) (D:8)
  10 swamp dragons
  A necromancer (D:15)
  2 phantasmal warriors (D:14)
  A wizard (D:15)
  A wolf spider (Lair:6)
  A deep elf mage (D:14)
  9 orc knights
  5 ugly things
  4 oklob plants
  4 cyclopes
  7 orc sorcerers
  3 manticores
  A stone giant zombie (D:15)
  18 spiny frogs
  3 black mambas
  2 ice statues (IceCv)
  3 gargoyles
  A spiny frog (shapeshifter) (D:15)
  A rime drake (Lair:6)
  A freezing wraith (D:15)
  10 komodo dragons
  2 jumping spiders (Lair:4)
  5 trolls
  3 polar bears (Lair:6)
  12 tyrant leeches
  9 hornets
  5 bog bodies
  8 dream sheep (Lair:6)
  14 blink frogs
  Prince Ribbit (D:6)
  A fire dragon zombie (D:15)
  31 slime creatures
  Sigmund (D:6)
  18 spriggans
  8 hippogriffs
  2 shadows
  2 redbacks (Lair:4)
  A tarantella (shapeshifter) (D:14)
  6 wraiths
  A vampire (D:15)
  A centaur simulacrum (D:15)
  3 basilisks
  2 wyverns
  Eustachio (D:6)
  A hungry ghost (D:13)
  40 yaks
  17 vampire mosquitoes
  Edmund (D:6)
  A soldier ant (shapeshifter) (D:13)
  6 wargs
  A soldier ant (D:9)
  17 swamp worms
  An acid dragon (D:13)
  8 porcupines
  15 water moccasins
  11 ice beasts
  53 orc warriors
  5 sky beasts
  A hornet zombie (D:10)
  3 black bears
  8 swamp drakes
  A necrophage (D:8)
  24 ogres
  8 boggarts
  34 wolves
  22 centaurs
  29 crocodiles
  2 big kobolds
  20 bullfrogs
  A wyvern zombie (D:13)
  5 scorpions
  6 killer bees (D:9)
  15 wights
  6 howler monkeys
  4 electric eels
  2 bullfrog zombies
  5 crimson imps
  2 quasits
  2 centaur zombies
  6 jellies
  8 hounds
  3 bullfrog skeletons
  17 orc priests
  6 centaur skeletons
  32 orc wizards
  An iguana (shapeshifter) (D:15)
  9 iguanas
  16 worker ants
  10 hell rats
  A killer bee zombie (D:8)
  A hound zombie (D:5)
  13 gnolls
  16 adders
  A howler monkey skeleton (D:8)
  3 shadow imps
  12 white imps (D:14)
  2 adder zombies (D:6)
  A worm (D:3)
  2 dart slugs
  12 leopard geckos
  146 orcs
  A giant cockroach (D:4)
  14 goblins
  4 hobgoblins
  9 jackals
  10 kobolds
  6 quokkas
  7 bats
  10 frilled lizards
  A jackal zombie (D:6)
  2 quokka zombies (D:8)
  9 rats
  3 briar patches (Swamp:3)
  7 bushes (Lair:6)
  3 fungi
  17 plants
  A withered plant (D:15)
1107 creatures vanquished.

Vanquished Creatures (others)
  An alligator (Swamp:4)
  A boggart (D:15)
  3 centaurs (Bailey)
  2 orcs (D:9)
  A quokka (D:9)
  A kobold (D:14)
  A fire vortex (Lair:3)
  4 fungi
  4 plants (Lair:2)
18 creatures vanquished.

Grand Total: 1125 creatures vanquished

Notes
Turn   | Place    | Note
-------+----------+-------------------------------------------
     0 | D:1      | Lew the Minotaur Fighter began the quest for the Orb.
     0 | D:1      | Reached XP level 1. HP: 19/19 MP: 0/0
   202 | D:1      | Reached XP level 2. HP: 24/27 MP: 1/1
   218 | D:1      | Reached skill level 1 in Dodging
   777 | D:2      | Reached XP level 3. HP: 31/33 MP: 2/2
   784 | D:2      | Found an iron altar of Okawaru.
   800 | D:2      | Became a worshipper of Warmaster Okawaru
  1403 | D:3      | Reached XP level 4. HP: 12/41 MP: 3/3
  1723 | D:3      | Found a basalt altar of Yredelemnul.
  1728 | D:3      | Reached skill level 5 in Fighting
  1728 | D:3      | Reached XP level 5. HP: 47/48 MP: 4/4
  1830 | D:3      | Reached * piety under Okawaru
  1881 | D:3      | Reached XP level 6. HP: 53/56 MP: 5/5
  2185 | D:4      | Reached skill level 5 in Axes
  2204 | D:4      | Found a burning altar of Makhleb.
  2230 | D:4      | Reached ** piety under Okawaru
  2230 | D:4      | Reached XP level 7. HP: 64/64 MP: 6/6
  2297 | D:4      | Got a crude robe
  2308 | D:4      | Identified the +2 robe of Daac {+Fly Regen+ Str+3 Dex+4} (You found it on level 4 of the Dungeon)
  2371 | D:4      | Reached skill level 5 in Dodging
  2666 | D:4      | Found a glowing golden altar of the Shining One.
  3011 | D:5      | Entered Level 5 of the Dungeon
  3012 | D:5      | Found a hide-covered altar of Uskayaw.
  3201 | D:5      | Reached XP level 8. HP: 74/74 MP: 7/7
  3384 | D:5      | Reached *** piety under Okawaru
  3532 | D:5      | Found a staircase to the Ecumenical Temple.
  3825 | D:6      | Noticed Prince Ribbit
  3838 | D:6      | Killed Prince Ribbit
  3902 | D:6      | Noticed Eustachio
  3916 | D:6      | Killed Eustachio
  3946 | D:6      | Found a shadowy altar of Dithmenos.
  4173 | D:6      | Noticed Sigmund
  4177 | D:6      | Noticed Edmund
  4179 | D:6      | Killed Sigmund
  4179 | D:6      | Reached **** piety under Okawaru
  4179 | D:6      | Reached skill level 10 in Fighting
  4179 | D:6      | Reached XP level 9. HP: 74/85 MP: 8/8
  4185 | D:6      | Killed Edmund
  4528 | D:7      | Reached skill level 10 in Axes
  4870 | D:7      | Reached ***** piety under Okawaru
  5494 | D:8      | Found Tipt's Armour Emporium.
  5660 | D:8      | Noticed a polar bear
  5672 | D:8      | a polar bear changed into something unseen
  5674 | D:8      | Reached XP level 10. HP: 89/97 MP: 9/9
  5681 | D:8      | Killed an unseen horror
  5699 | D:8      | Killed an unseen horror
  5812 | D:8      | Got a shimmering great sword
  5825 | D:8      | Identified the +4 great sword "Hoebrus" {slice, rPois rC+ MR+ Dex+4} (You found it on level 8 of the Dungeon)
  5936 | D:8      | Found a blossoming altar of Fedhas.
  6007 | D:8      | Noticed a death yak
  6007 | D:8      | Noticed a death yak
  6008 | D:8      | Noticed a death yak
  6010 | D:8      | Found a staircase to the Lair.
  6010 | D:8      | Noticed a death yak
  6011 | D:8      | Noticed a death yak
  6041 | D:8      | Killed a death yak
  6041 | D:8      | Received a gift from Okawaru
  6048 | D:8      | Killed a death yak
  6052 | D:8      | Killed a death yak
  6054 | D:8      | Killed a death yak
  6054 | D:8      | Reached ****** piety under Okawaru
  6061 | D:8      | Killed a death yak
  6061 | D:8      | Received a gift from Okawaru
  6061 | D:8      | Reached XP level 11. HP: 85/108 MP: 10/10
  6074 | D:8      | Got a warped executioner's axe {god gift}
  6146 | D:8      | Identified the +2 executioner's axe "Impslayer" {pain, rC+ Str+3 Int+4} (Okawaru gifted it to you on level 8 of the Dungeon)
  6253 | D:8      | Got a warped ruby amulet
  6747 | D:9      | Found a white marble altar of Elyvilon.
  6968 | D:9      | Received a gift from Okawaru
  6971 | D:9      | Got a brightly glowing broad axe {god gift}
  6972 | D:9      | Identified the +8 broad axe "Innaux" {pain, +Fly rElec Str+3} (Okawaru gifted it to you on level 9 of the Dungeon)
  7019 | D:9      | Got a smoking chain mail
  7030 | D:9      | Identified the +2 chain mail of Baldness {+Inv rElec rCorr Str+3} (You found it on level 9 of the Dungeon)
  7209 | D:9      | Identified the amulet of Gettothu {RegenMP MR++ Str+3} (You found it on level 8 of the Dungeon)
  7251 | D:10     | Entered Level 10 of the Dungeon
  7305 | D:10     | Found a flagged portal.
  7323 | Bailey   | Entered a bailey
  7618 | Bailey   | Reached skill level 15 in Fighting
  8235 | Bailey   | Identified a scroll of acquirement
  8273 | D:10     | Reached skill level 15 in Axes
  8285 | D:10     | Reached skill level 1 in Invocations
  8285 | D:10     | Reached skill level 1 in Evocations
  8897 | D:11     | Received a gift from Okawaru
  8980 | D:11     | Got a pair of ancient boots {god gift}
  8991 | D:11     | Identified the +2 pair of boots of the City {rElec rC++ Int-3 SInv} (Okawaru gifted it to you on level 11 of the Dungeon)
  8998 | D:11     | Noticed an unseen horror
  9004 | D:11     | Killed an unseen horror
  9004 | D:11     | Reached XP level 12. HP: 119/119 MP: 11/13
  9302 | D:11     | Reached skill level 5 in Shields
  9307 | D:11     | Reached skill level 5 in Armour
  9698 | D:12     | Found a staircase to the Orcish Mines.
  9749 | D:12     | Identified the Collected Works on Poison and Clay
  9767 | D:12     | Found a frozen archway.
  9875 | D:12     | Noticed a five-headed hydra
  9893 | D:12     | Killed a two-headed hydra
  9893 | D:12     | Reached skill level 5 in Invocations
 10086 | D:12     | Noticed a two-headed ogre
 10099 | D:12     | Killed a two-headed ogre
 10099 | D:12     | Reached skill level 5 in Evocations
 10223 | D:12     | Noticed Rupert
 10250 | D:12     | Killed Rupert
 10343 | D:12     | Received a gift from Okawaru
 10717 | D:13     | Reached XP level 13. HP: 126/126 MP: 15/15
 10720 | D:13     | Noticed Erolcha
 10730 | D:13     | Killed Erolcha
 10925 | D:13     | Found a gate to the Vaults.
 11096 | D:13     | Noticed Sonja
 11105 | D:13     | Killed Sonja
 11353 | D:13     | Reached skill level 10 in Shields
 11514 | D:14     | Reached skill level 10 in Armour
 11552 | D:14     | Found a frozen archway.
 11569 | IceCv    | Entered an ice cave
 11588 | IceCv    | Found a transporter.
 11612 | IceCv    | Found a transporter.
 11633 | IceCv    | Received a gift from Okawaru
 11916 | D:14     | Noticed Josephine
 11927 | D:14     | Killed Josephine
 12074 | D:14     | Received a gift from Okawaru
 12207 | D:14     | Got a faintly glowing great mace
 12208 | D:14     | Identified the cursed +1 great mace "Paurimoh" {elec, Str+2 SInv} (You found it on level 14 of the Dungeon)
 12621 | D:15     | Entered Level 15 of the Dungeon
 12633 | D:15     | Reached XP level 14. HP: 126/135 MP: 16/16
 13059 | D:15     | Found a staircase to the Depths.
 13103 | D:15     | Received a gift from Okawaru
 13156 | D:15     | Paralysed by an orc sorcerer for 6 turns
 13316 | D:15     | Found Plog's Antique Armour Shoppe.
 13355 | D:15     | Bought a shiny large shield for 277 gold pieces
 13422 | D:15     | Found Zownar's Assorted Antiques.
 13446 | D:15     | Found Toadinaek's Book Emporium.
 13469 | D:15     | Found Qecakap's Distillery.
 13493 | D:15     | Found Yplazxyich's Assorted Antiques.
 13501 | D:15     | Bought an amulet of reflection for 82 gold pieces
 13901 | Orc:1    | Entered Level 1 of the Orcish Mines
 14233 | Orc:1    | Found a roughly hewn altar of Beogh.
 14261 | Orc:2    | Entered Level 2 of the Orcish Mines
 14261 | Orc:2    | Found a staircase to the Elven Halls.
 14267 | Orc:2    | Noticed an orc warlord
 14269 | Orc:2    | Found Zeharus's Antique Weapon Emporium.
 14292 | Orc:1    | Killed an orc warlord
 14292 | Orc:1    | Received a gift from Okawaru
 14503 | Orc:2    | Found Bagiwam's General Store.
 14594 | Orc:2    | Found Ubbir's Jewellery Emporium.
 14695 | Orc:2    | Reached XP level 15. HP: 141/141 MP: 17/17
 14723 | Orc:2    | Reached skill level 15 in Armour
 14723 | Orc:2    | Reached skill level 15 in Shields
 14768 | Orc:2    | Found Jahomn's Antique Armour Shoppe.
 15391 | Orc:2    | Bought a slimy cloak for 237 gold pieces
 15401 | Orc:2    | Identified the +2 cloak of Pekhleol {-Cast Int+6} (You bought it in a shop on level 2 of the Orcish Mines)
 15518 | Orc:2    | Bought a glowing shield for 187 gold pieces
 15669 | D:15     | Bought a scroll of enchant weapon for 172 gold pieces
 15669 | D:15     | Bought the +4 moon troll leather armour {Spirit, Regen++ MP+5} for 1253 gold pieces
 15669 | D:15     | Found the +4 moon troll leather armour {Spirit, Regen++ MP+5}
 15969 | Lair:1   | Entered Level 1 of the Lair of Beasts
 16763 | Lair:2   | Found a runed door.
 16767 | Lair:2   | Noticed Americanboy's ghost (journeyman DEWz)
 16784 | Lair:2   | Killed Americanboy's ghost
 16795 | Lair:2   | Got a faintly glowing trident {venom}
 17016 | Lair:2   | Found a staircase to the Swamp.
 17437 | Lair:2   | Identified the +9 trident "Zarph" {venom, rElec Stlth+} (You took it off a spriggan rider on level 2 of the Lair of Beasts)
 17517 | Lair:3   | Noticed Fannar
 17528 | Lair:3   | Killed Fannar
 17620 | Lair:3   | Received a gift from Okawaru
 17771 | Lair:3   | Received a gift from Okawaru
 17966 | Lair:3   | Noticed Snorg
 17972 | Lair:3   | Killed Snorg
 18970 | Lair:4   | Found a hole to the Spider Nest.
 19225 | Lair:5   | Received a gift from Okawaru
 19690 | Lair:6   | Entered Level 6 of the Lair of Beasts
 20174 | Lair:6   | Reached XP level 16. HP: 152/152 MP: 18/18
 20248 | Lair:6   | Found a blossoming altar of Fedhas.
 20413 | Lair:6   | Found a staircase to the Slime Pits.
 20414 | Lair:6   | Found a viscous altar of Jiyva.
 20665 | Lair:6   | Found a runed door.
 20666 | Lair:6   | Noticed Karim's ghost (journeyman GnFi)
 20934 | Lair:6   | Killed Karim's ghost
 21263 | Swamp:1  | Entered Level 1 of the Swamp
 21421 | Swamp:1  | Noticed Louise
 21438 | Swamp:1  | Killed Louise
 21670 | Swamp:1  | Reached skill level 10 in Dodging
 22060 | Swamp:2  | Received a gift from Okawaru
 22653 | Swamp:3  | Noticed a thorn hunter
 22667 | Swamp:3  | Killed a thorn hunter
 23187 | Swamp:3  | Identified the Volume of Captivating Augmentations
 23318 | Swamp:4  | Entered Level 4 of the Swamp
 23371 | Swamp:4  | Noticed a thorn hunter
 23377 | Swamp:4  | Noticed a thorn hunter
 23385 | Swamp:4  | Killed a thorn hunter
 23390 | Swamp:4  | Killed a thorn hunter
 23503 | Swamp:4  | Received a gift from Okawaru
 23890 | Swamp:4  | Reached XP level 17. HP: 152/165 MP: 20/20
 23931 | Swamp:4  | Noticed the 27-headed Lernaean hydra
 23939 | Swamp:4  | HP: 4/166 [the 26-headed Lernaean hydra (8)]
 23939 | Swamp:4  | Mangled by the 26-headed Lernaean hydra

Skill      XL: |  1  2  3  4  5  6  7  8  9 10 11 12 13 14 15 16 |
---------------+-------------------------------------------------+-----
Fighting       | 4 5 6 7 10 11 13 15 16 18 | 18.3
Dodging        | 1 2 3 4 5 8 10 | 10.0
Axes           | 3 4 5 7 9 11 13 15 16 18 | 18.3
Invocations    | 2 5 6 |  6.8
Evocations     | 2 5 |  5.2
Armour         | 4 8 12 14 15 | 15.0
Shields        | 4 8 12 14 15 | 15.0

Action                   |  1- 3 |  4- 6 |  7- 9 | 10-12 | 13-15 | 16-18 || total
-------------------------+-------+-------+-------+-------+-------+-------++-------
Melee: War axe           |    87 |    85 |   293 |    63 |   186 |   531 ||  1245
       Headbutt          |    10 |    19 |    63 |   170 |   369 |   178 ||   809
       Trident           |       |       |       |   625 |    48 |       ||   673
       Broad axe         |       |       |       |    50 |   896 |     9 ||   955
       Hand axe          |       |       |       |     7 |    23 |       ||    30
Throw: Tomahawk          |       |       |       |     3 |     3 |       ||     6
       Javelin           |       |       |       |       |     1 |       ||     1
 Abil: Evoke Flight      |       |       |       |     1 |       |     1 ||     2
Evoke: Phial of floods   |       |       |       |     1 |       |       ||     1
       Wand              |       |       |       |     3 |       |       ||     3
  Use: Scroll            |     5 |       |    17 |    10 |    18 |     1 ||    51
       Potion            |       |       |     2 |     4 |     5 |     4 ||    15
 Stab: Sleeping          |       |       |     7 |     8 |     6 |       ||    21
       Distracted        |       |       |       |     1 |     1 |       ||     2
       Confused          |       |       |       |       |     1 |       ||     1
  Eat: Chunk             |     1 |     3 |    11 |    15 |    17 |     2 ||    49
       Ration            |       |       |       |     1 |     4 |     4 ||     9
Armor: Scale mail        |    30 |    24 |     8 |       |       |       ||    62
       Robe              |       |       |    33 |    94 |    70 |       ||   197
       Chain mail        |       |       |       |       |    60 |       ||    60
       Troll leather arm |       |       |       |       |   119 |   170 ||   289
Dodge: Dodged            |    36 |    27 |   104 |   203 |   376 |   257 ||  1003
Block: Shield            |    60 |    42 |   152 |   369 |       |       ||   623
       Reflection        |       |       |     1 |    28 |       |       ||    29
       Large shield      |       |       |       |    28 |  1110 |   483 ||  1621
